 Dungeon Crawl Stone Soup version 0.19.3-4-gbf9329e (webtiles) character file.

86 angel3174 the Slasher (level 4, -4/33 HPs)
             Began as a Demonspawn Gladiator on Jan 29, 2017.
             Slain by bananaglory's ghost (11 damage)
             ... on level 3 of the Dungeon.
             The game lasted 00:16:07 (2134 turns).

angel3174 the Slasher (Demonspawn Gladiator)        Turns: 2134, Time: 00:16:08

Health: -4/33      AC:  6    Str: 17    XL:     4   Next: 27%
Magic:  4/4        EV: 12    Int:  9    God:
Gold:   74         SH:  0    Dex: 13    Spells: 0 memorised, 3 levels left

rFire  . . .     SeeInvis .     a - +0 long sword
rCold  . . .     Gourm    +     m - +0 ring mail
rNeg   . . .     Faith    .     (no shield)
rPois  .         Spirit   .     c - +0 helmet
rElec  .         Reflect  .     (no cloak)
rCorr  .         Harm     .     (no gloves)
MR     .....                    (no boots)
Stlth  +.........               i - amulet of the gourmand
                                (no ring)
                                (no ring)

@: no status effects
A: claws 1, spiny 2
a: no special abilities


You were on level 3 of the Dungeon.
You were very full.

You visited 1 branch of the dungeon, and saw 3 of its levels.

You collected 74 gold pieces.

Inventory:

Hand Weapons
 a - a +0 long sword (weapon)
Missiles
 d - 2 throwing nets (quivered)
 e - 13 poisoned needles
 o - 12 arrows
 p - 16 bolts
 r - 4 needles of confusion
 u - 5 javelins
Armour
 b - a +0 leather armour
 c - a +0 helmet (worn)
 j - a +0 shield
 m - a +0 ring mail (worn)
Jewellery
 i - an amulet of the gourmand (around neck)
Scrolls
 g - a scroll of amnesia {unknown}
 l - 3 scrolls of enchant armour {unknown}
 n - 3 scrolls of identify {unknown}
 s - a scroll of teleportation {unknown}
Potions
 t - a potion of curing {unknown}
 v - 2 potions of brilliance {unknown}
 w - a potion of mutation {unknown}
 x - 2 potions of resistance {unknown}
Comestibles
 f - 3 bread rations
 h - 2 meat rations
 k - 5 fruits
 q - a royal jelly


   Skills:
 + Level 2.2 Fighting
 + Level 3.6 Long Blades
 + Level 1.7 Throwing
 + Level 1.1 Armour
 + Level 3.2 Dodging
 + Level 0.8 Stealth


You had 3 spell levels left.
You didn't know any spells.

Dungeon Overview and Level Annotations

Branches:
Dungeon (3/15)

Altars:

Annotations:
D:3 bananaglory's ghost, amateur HOGl


Innate Abilities, Weirdness & Mutations

You have sharp fingernails.
You are mostly covered in sharp spines.


Message History

The throwing net hits bananaglory's ghost.
The net passes right through bananaglory's ghost!
The rat is struck by your spines.
You kill the rat!
Bananaglory's ghost hits you!
You see here a rat corpse.
You hit bananaglory's ghost.
Bananaglory's ghost is lightly damaged.
Bananaglory's ghost hits you.
You hit bananaglory's ghost.
Bananaglory's ghost is lightly damaged.
Bananaglory's ghost hits you.
You closely miss bananaglory's ghost.
Bananaglory's ghost is lightly damaged.
Bananaglory's ghost hits you!
* * * LOW HITPOINT WARNING * * *
You hit bananaglory's ghost but do no damage.
Bananaglory's ghost is lightly damaged.
Bananaglory's ghost misses you. Bananaglory's ghost hits you!
You die...

#.#.#.# #........#.#
#..#.#.#.###......###.#
#..#...........#.####.#
##..#.#.#.###..........#
...............########
####..####........#
.................#########
#..#####..###..........#
#.)........@W(.........#
##.######.####............#
........................).'>
###+######..#######.###....##
#..# #.# ....# #..#######.#
....# #.......##.# ...#
###.###.##.# ...# #..##.##.#


You could see bananaglory's ghost.

Vanquished Creatures
  3 adders
  A worm (D:3)
  A leopard gecko (D:1)
  5 bats
  4 giant cockroaches
  6 goblins (D:1)
  5 hobgoblins
  3 jackals (D:1)
  3 quokkas
  7 frilled lizards
  7 kobolds
  9 rats
54 creatures vanquished.

Notes
Turn   | Place    | Note
-------+----------+-------------------------------------------
     0 | D:1      | angel3174 the Demonspawn Gladiator began the quest for the Orb.
     0 | D:1      | Reached XP level 1. HP: 16/16 MP: 1/1
   398 | D:1      | Gained mutation: You have sharp fingernails. [demonic ancestry]
   398 | D:1      | Reached XP level 2. HP: 22/22 MP: 2/2
   655 | D:1      | Gained mutation: You are partially covered in sharp spines. [demonic ancestry]
   655 | D:1      | Reached XP level 3. HP: 23/27 MP: 3/3
   967 | D:2      | Reached skill level 1 in Armour
  1407 | D:2      | Gained mutation: You are mostly covered in sharp spines. [demonic ancestry]
  1407 | D:2      | Reached XP level 4. HP: 33/33 MP: 4/4
  2117 | D:3      | Noticed bananaglory's ghost (amateur HOGl)
  2134 | D:3      | Slain by bananaglory's ghost

Skill      XL: |  1  2  3 |
---------------+----------+-----
Dodging        | 3 |  3.2
Long Blades    | 3 |  3.6
Armour         | 1 |  1.1
Fighting       | |  2.2
Throwing       | |  1.7
Stealth        | |  0.8

Action                   |  1- 3 |  4- 6 || total
-------------------------+-------+-------++-------
Melee: Long sword        |   116 |     9 ||   125
Throw: Javelin           |       |     2 ||     2
       Throwing net      |       |     1 ||     1
  Eat: Chunk             |    18 |     1 ||    19
Armor: Leather armour    |    20 |       ||    20
       Ring mail         |    21 |       ||    21
Dodge: Dodged            |    92 |     1 ||    93
       Rpst.: Long sword |    26 |       ||    26
